 Dungeon Crawl Stone Soup version 0.29.0-11-gd7f09526c8 (webtiles) character file.

Game seed: 12624095104233803115

71 pacmanke6689 the Sneak (level 4, -6/27 HPs)
             Began as a Kobold Brigand on Sept 3, 2022.
             Was an Initiate of the Shining One.
             Mangled by a gnoll
             ... wielding a +0 club
              (7 damage)
             ... on level 3 of the Dungeon.
             The game lasted 00:07:30 (2013 turns).

pacmanke6689 the Sneak (Kobold Brigand)             Turns: 2013, Time: 00:07:31

Health: -6/27      AC:  4    Str:  8    XL:     4   Next: 47%
Magic:  4/4        EV: 14    Int: 12    God:    the Shining One [......]
Gold:   71         SH:  0    Dex: 18    Spells: 3/3 levels left

rFire   . . .      SeeInvis .   h - +2 short sword (speed)
rCold   . . .      Faith    .   (no shield)
rNeg    . . .      Spirit   .   b - +1 robe
rPois   .          Reflect  .   (no helmet)
rElec   .          Harm     .   c - +0 cloak
rCorr   .          Rampage  .   (no gloves)
Will    .....                   (no boots)
Stlth   ++........              (no amulet)
HPRegen 0.09/turn               (no ring)
MPRegen 0.09/turn               (no ring)

@: weak-willed, on berserk cooldown, slowed, glowing, very slow
A: small, no large weapons, nightstalker 3
a: Renounce Religion


You were on level 3 of the Dungeon.
You worshipped the Shining One.
The Shining One was noncommittal.
You visited 1 branch of the dungeon, and saw 3 of its levels.

You collected 71 gold pieces.

Inventory:

Hand Weapons
 a - a +2 dagger
 h - a +2 short sword of speed (weapon)
Missiles
 d - 13 poisoned darts (quivered)
 e - 3 curare-tipped darts
Armour
 b - a +1 robe (worn)
 c - a +0 cloak (worn)
Scrolls
 g - 2 scrolls of identify
Potions
 f - 2 potions of curing
 k - a potion of haste {unknown}


   Skills:
 + Level 2.5 Fighting
 + Level 3.4 Short Blades
 + Level 2.4 Throwing
 + Level 1.8 Dodging
 + Level 6.8 Stealth


You had 3 spell levels left.
You didn't know any spells.
Your spell library contained the following spells:

 Spells                   Type           Power      Damage    Failure   Level
 Magic Dart               Conj           0%         1d3       32%         1


Dungeon Overview and Level Annotations

Branches:
Dungeon (3/15)

Altars:
Hepliaklqana
The Shining One


Innate Abilities, Weirdness & Mutations

You are small and have problems with some larger weapons.
You are completely attuned to the shadows.


Message History

The gnoll hits you from afar with a +0 spear.
* * * LOW HITPOINT WARNING * * *
Okay, then.
It was a potion of berserk rage.
A red film seems to cover your vision as you go berserk!
You feel yourself moving faster!
You feel mighty!
The jackal bites you but does no damage.
The gnoll hits you from afar with a +0 spear.
* * * LOW HITPOINT WARNING * * *
The jackal closely misses you.
You puncture the jackal!
You kill the jackal!
The gnoll barely misses you.
You puncture the gnoll!
The gnoll is severely wounded.
You barely miss the gnoll.
The gnoll is severely wounded.
The gnoll hits you with a +0 spear.
* * * LOW HITPOINT WARNING * * *
You completely miss the gnoll.
The gnoll is severely wounded.
You puncture the gnoll!
You kill the gnoll!
You hit the rat.
You kill the rat!
You puncture the jackal!
You kill the jackal!
You feel a strong urge to attack something.
You hit the gnoll.
The gnoll is lightly wounded.
You are no longer berserk.
You are exhausted.
You feel yourself slow down.
You closely miss the gnoll.
The gnoll is lightly wounded.
The gnoll barely misses you.
You hit the gnoll.
The gnoll is heavily wounded.
The gnoll hits you with a +0 club!
You die...

#......###.#######.#
#...... ....[#.....##
#.....)###.#........#
#............#.####.####
.......#....#....#
.......####.#.##.#
####.### #.####.## #.#
#.......# #@# #########
##g## ..#...# ..P...#
......### ..P§§..P#
.P#..§#### ...§P§§P.#
.._.§P.g#


You could see a gnoll.

Vanquished Creatures
  2 gnolls (D:3)
  2 adders
  A dart slug (D:1)
  3 endoplasms
  A giant cockroach (D:2)
  2 goblins (D:2)
  A hobgoblin (D:2)
  2 jackals (D:3)
  5 kobolds
  4 ball pythons
  6 bats
  2 frilled lizards
  2 rats (D:3)
33 creatures vanquished.

Vanquished Creatures (others)
  2 plants (D:3)
2 creatures vanquished.

Grand Total: 35 creatures vanquished

Notes
Turn   | Place    | Note
-------+----------+-------------------------------------------
     0 | D:1      | pacmanke6689 the Kobold Brigand began the quest for the
                  | Orb.
     0 | D:1      | Reached XP level 1. HP: 12/12 MP: 1/1
   240 | D:1      | Found a faded altar of an unknown god.
   244 | D:1      | Got Plato's Vellum of Conjuration
   257 | D:1      | Reached XP level 2. HP: 18/18 MP: 2/2
   871 | D:2      | Reached skill level 6 in Stealth
   871 | D:2      | Reached XP level 3. HP: 20/22 MP: 3/3
  1191 | D:2      | Found a glowing golden altar of the Shining One.
  1214 | D:2      | Became a worshipper of the Shining One
  1978 | D:3      | Found a hazy altar of Hepliaklqana.
  1989 | D:3      | Reached XP level 4. HP: 9/27 MP: 4/4
  2004 | D:3      | HP: 1/40 [gnoll/+0 spear (5)]
  2013 | D:3      | Mangled by a gnoll

Illustrated notes

Levels and vault maps discovered:
D:1:      psy_arrival_fountain, layout_basic,
          shapermc_ecumenical_altar_rom_forum, serial_park_tiny_2,
          bh_walls_and_bars
D:2:      layout_loops_ring, basic_altar, nrook_uturn, corexii_hall_statues_u
D:3:      layout_basic, nicolae_hepliaklqana_hazy_memory,
          gammafunk_ghost_stat_death, serial_shops, nicolae_shop_trees

Skill      XL: |  1  2  3 |
---------------+----------+-----
Stealth        | 6 |  6.8
Short Blades   | 3 |  3.4
Fighting       | |  2.5
Throwing       | |  2.4
Dodging        | |  1.8

Action                   |  1- 3 |  4- 6 || total
-------------------------+-------+-------++-------
Melee: Dagger            |    35 |       ||    35
       Short sword       |    36 |    10 ||    46
       Punch             |     1 |       ||     1
Throw: Dart              |    13 |       ||    13
  Use: Scroll            |     2 |     2 ||     4
       Potion            |       |     2 ||     2
 Stab: Sleeping          |     7 |       ||     7
Armor: Robe              |    15 |     1 ||    16
Dodge: Dodged            |    38 |    12 ||    50
